 Dungeon Crawl Stone Soup version 0.21.0-25-ge575cb9 (webtiles) character file.

63 Monsterracer the Slasher (level 3, 3/30 HPs)
             Began as a Minotaur Gladiator on Jan 24, 2018.
             Quit the game on level 4 of the Dungeon.
             The game lasted 00:04:53 (2359 turns).

Monsterracer the Slasher (Minotaur Gladiator)       Turns: 2359, Time: 00:04:54

Health: 3/30       AC:  6    Str: 16 (18) XL:     3   Next: 89%
Magic:  2/2        EV: 12    Int:  4 (5)  God:
Gold:   71         SH:  0    Dex: 10 (12) Spells: 2/2 levels left

rFire    . . .     SeeInvis .   a - +0 long sword {!a}
rCold    . . .     Gourm    .   (no shield)
rNeg     . . .     Faith    .   b - +0 ring mail
rPois    .         Spirit   .   g - +1 hat
rElec    .         Reflect  .   (no cloak)
rCorr    .         Harm     .   (no gloves)
MR       .....                  (no boots)
Stlth    ..........             (no amulet)
HPRegen  0.10/turn              h - ring of flight
MPRegen  0.08/turn              (no ring)

@: lethally poisoned (3 -> -2)
A: retaliatory headbutt, horns 2
a: Evoke Flight


You were on level 4 of the Dungeon.
You were very hungry.

You visited 1 branch of the dungeon, and saw 5 of its levels.

You collected 71 gold pieces.

Inventory:

Hand Weapons
 a - a +0 long sword (weapon) {!a}
Missiles
 d - 3 throwing nets (quivered)
Armour
 b - a +0 ring mail (worn)
 g - a +1 hat (worn)
Jewellery
 h - a ring of flight (left hand)
Wands
 i - a wand of iceblast (9)
Scrolls
 e - a scroll of identify
 j - a scroll of remove curse
Potions
 c - 2 potions of degeneration
Comestibles
 f - 6 rations


   Skills:
 - Level 2.4 Fighting
 * Level 5.3 Long Blades
 - Level 2.0 Throwing
 + Level 4.0 Dodging


You had 2 spell levels left.
You didn't know any spells.

Dungeon Overview and Level Annotations

Branches:
Dungeon (5/15)
 Temple: D:4-7

Altars:


Innate Abilities, Weirdness & Mutations

You reflexively headbutt those who attack you in melee.
You have a pair of horns on your head.


Message History

You are poisoned.
The adder poisons you!
You take 3 damage, and have 27/30 hp.
You feel sick. The adder bites you but does no damage.
You take 1 damage, and have 26/30 hp.
The adder barely misses you.
You feel sick. The adder closely misses you.
The adder bites you but does no damage.
You take 1 damage, and have 25/30 hp.
The adder bites you.
You are more poisoned.
The adder poisons you!
You feel sick. The adder bites you but does no damage.
You take 1 damage, and have 24/30 hp.
The adder bites you. The adder barely misses you.
You riposte.
You hit the adder. Your headbutt misses the adder.
The adder is heavily wounded.
You take 1 damage, and have 23/30 hp.
You feel sick. The adder barely misses you.
You riposte.
You barely miss the adder.
The adder is heavily wounded.
You take 1 damage, and have 22/30 hp.
The adder barely misses you. You furiously retaliate!
You headbutt the adder.
You riposte.
You hit the adder.
The adder is severely wounded.
You feel sick. The adder closely misses you.
You riposte.
You miss the adder. Your headbutt misses the adder.
The adder is severely wounded.
There is a stone staircase leading down here.
You take 1 damage, and have 21/30 hp.
The adder bites you but does no damage. x2
You feel sick.
You take 1 damage, and have 20/30 hp.
A gnoll comes into view. It is wielding a spear of venom.
The gnoll shouts!
You hear a shout!
The adder bites you but does no damage.
Found an escape hatch in the ceiling.
You feel sick. The adder barely misses you. You furiously retaliate!
You headbutt the adder!
You kill the adder!
Your Dodging skill increases to level 4!
You feel sick.
You take 1 damage, and have 19/30 hp.
There is a stone staircase leading down here.
The gnoll hits you from afar with a spear of venom.
* * * LOW HITPOINT WARNING * * *
You are lethally poisoned!
You climb downwards.
* * * LOW HITPOINT WARNING * * *
You feel sick.
There is a stone staircase leading up here.
You take 6 damage, and have 13/30 hp.
Unknown command.
Unknown command.
Okay, then.
It was a potion of degeneration.
There was something very wrong with that liquid.
You feel weakened.
You feel dopey.
You feel clumsy.
c - 2 potions of degeneration;
g - a +1 hat (worn)
* * * LOW HITPOINT WARNING * * *
You feel sick.
You take 1 damage, and have 12/30 hp.
As you read the scroll labeled BUENOKK IPPEDE, it crumbles to dust.
It is a scroll of identify.
j - a scroll of remove curse
* * * LOW HITPOINT WARNING * * *
You feel sick.
You take 1 damage, and have 11/30 hp.
As you read the scroll labeled GEPAM CENE, it crumbles to dust.
The scroll dissolves into smoke.
It was a scroll of fog.
* * * LOW HITPOINT WARNING * * *
You feel sick.
You take 2 damage, and have 9/30 hp.
* * * LOW HITPOINT WARNING * * *
You feel sick.
* * * LOW HITPOINT WARNING * * *
You feel sick.
You take 1 damage, and have 8/30 hp.
* * * LOW HITPOINT WARNING * * *
You feel sick.
You take 1 damage, and have 7/30 hp.
* * * LOW HITPOINT WARNING * * *
You feel sick.
You take 1 damage, and have 6/30 hp.
* * * LOW HITPOINT WARNING * * *
You feel sick.
You take 1 damage, and have 5/30 hp.
Unknown command.
* * * LOW HITPOINT WARNING * * *
You feel sick.
You take 1 damage, and have 4/30 hp.
As you open the door, it creaks loudly!
Unknown command.
* * * LOW HITPOINT WARNING * * *
You feel sick.
There is an open door here.
You take 1 damage, and have 3/30 hp.
* * * LOW HITPOINT WARNING * * *
You feel sick.
Are you sure you want to abandon this character and quit the game? (Confirm with "yes".)

###### #....# #....#
#....#
#....###############
+...@'........>....#
#....#####§#######.#
#....# #§§§§§....#
#..... #§#§#§..<.#
#.#### #§§§#.###.#
... ###§#.#...# #
##. #§#.#.###... #.
#.#.#.......
#.........##


There were no monsters in sight!

Vanquished Creatures
  A hound skeleton (D:4)
  2 adders
  2 dart slugs
  4 bats
  2 giant cockroaches
  5 goblins
  2 hobgoblins (D:1)
  5 frilled lizards
  5 kobolds
  4 rats
32 creatures vanquished.

Notes
Turn   | Place    | Note
-------+----------+-------------------------------------------
     0 | D:1      | Monsterracer the Minotaur Gladiator began the quest for the Orb.
     0 | D:1      | Reached XP level 1. HP: 18/18 MP: 0/0
   253 | D:1      | HP: 9/18 [kobold/whip (5)]
   258 | D:1      | HP: 2/18 [kobold/whip (4)]
   287 | D:1      | HP: 2/18 [kobold/whip (2)]
   323 | D:1      | HP: 1/18 [kobold/whip (3)]
   363 | D:1      | HP: 2/18 [kobold/whip (1)]
   399 | D:1      | HP: 4/18 [rat (1)]
   461 | D:1      | Reached skill level 4 in Long Blades
   486 | D:2      | Reached XP level 2. HP: 12/25 MP: 1/1
  1610 | D:3      | Reached XP level 3. HP: 30/30 MP: 2/2
  1678 | D:4      | HP: 15/30 [adder (2)]
  1683 | D:4      | HP: 11/30 [poisoned by an adder]
  1688 | D:4      | HP: 8/30 [poisoned by an adder]
  1693 | D:4      | HP: 7/30 [poisoned by an adder]
  1700 | D:4      | HP: 5/30 [poisoned by an adder]
  1708 | D:4      | HP: 4/30 [poisoned by an adder]
  1973 | D:3      | HP: 12/30 [worm (5)]
  1991 | D:3      | HP: 6/30 [frilled lizard (2)]
  1998 | D:4      | HP: 1/30 [frilled lizard (2)]
  2016 | D:4      | HP: 2/30 [frilled lizard (1)]
  2026 | D:5      | Entered Level 5 of the Dungeon
  2030 | D:5      | HP: 2/30 [giant cockroach (2)]
  2080 | D:5      | Noticed an ogre
  2081 | D:4      | HP: 6/30 [hound skeleton (1)]
  2089 | D:4      | Reached skill level 5 in Long Blades
  2343 | D:3      | HP: 15/30 [gnoll/spear of venom (4)]
  2348 | D:4      | HP: 9/30 [poisoned by a gnoll]
  2353 | D:4      | HP: 5/30 [poisoned by a gnoll]
  2358 | D:4      | HP: 3/30 [poisoned by a gnoll]
  2359 | D:4      | Quit the game

Skill      XL: |  1  2  3 |
---------------+----------+-----
Long Blades    | 4 5 |  5.3
Dodging        | 4 |  4.0
Fighting       | |  2.4
Throwing       | |  2.0

Action                   || total
-------------------------++-------
Melee: Headbutt          ||     3
  Use: Scroll            ||     3
       Potion            ||     1
  Eat: Chunk             ||     3
Armor: Leather armour    ||    14
       Ring mail         ||    38
       Robe              ||     6
Dodge: Dodged            ||   160
       Rpst.: Long sword ||    40

Vault maps used:
D:1:      minmay_arrival_plants_in_alcoves, minmay_distorted
D:2:      first_ration
D:3:      hangedman_feature_mirror
D:4:      hex_medium, kennysheep_small_square, uniq_pikel, uniq_edmund,
          uniq_natasha
D:5:      minmay_temple_entry_glass, basic_altar, uniq_crazy_yiuf_cottage
